[Event "FICS rated blitz game"]
[Site "FICS freechess.org"]
[FICSGamesDBGameNo "20001375"]
[White "arquimedes"]
[Black "ElOso"]
[WhiteElo "1591"]
[BlackElo "1548"]
[WhiteRD "na"]
[BlackRD "na"]
[TimeControl "120+12"]
[Date "1999.08.18"]
[Time "06:04:00"]
[WhiteClock "0:02:00.000"]
[BlackClock "0:02:00.000"]
[ECO "B21"]
[PlyCount "48"]
[Result "0-1"]

1. e4 c5 2. d4 cxd4 3. c3 dxc3 4. Nxc3 Nc6 5. Nf3 d6 6. Bc4 a6 7. O-O Nf6 8. e5 dxe5 9. Qe2 Bg4 10. Rd1 Qc7 11. Nd5 Nxd5 12. Bxd5 e6 13. Be4 Be7 14. Be3 O-O 15. Rac1 Rac8 16. Qd3 f5 17. Bxc6 bxc6 18. Qxa6 e4 19. Nd4 Bxd1 20. Rxd1 Qd7 21. Rc1 f4 22. Rxc6 fxe3 23. fxe3 Rxc6 24. Nxc6 Qd1+ {White resigns} 0-1

[Event "FICS rated blitz game"]
[Site "FICS freechess.org"]
[FICSGamesDBGameNo "20001374"]
[White "krell"]
[Black "KingPleasure"]
[WhiteElo "1642"]
[BlackElo "1632"]
[WhiteRD "na"]
[BlackRD "na"]
[TimeControl "300+0"]
[Date "1999.08.18"]
[Time "03:51:00"]
[WhiteClock "0:05:00.000"]
[BlackClock "0:05:00.000"]
[ECO "B30"]
[PlyCount "32"]
[Result "0-1"]

1. e4 c5 2. Nf3 Nc6 3. e5 d5 4. exd6 Qxd6 5. Bc4 Nf6 6. O-O Bg4 7. d3 e6 8. Bg5 Be7 9. Re1 O-O 10. Nbd2 a6 11. a4 h6 12. h3 Bxf3 13. Qxf3 hxg5 14. Bxe6 fxe6 15. Rxe6 Qxe6 16. Qxc6 Qxc6 {White resigns} 0-1

[Event "FICS rated blitz game"]
[Site "FICS freechess.org"]
[FICSGamesDBGameNo "20001373"]
[White "Myggen"]
[Black "Hellecaster"]
[WhiteElo "1687"]
[BlackElo "1323"]
[WhiteRD "na"]
[BlackRD "na"]
[TimeControl "180+0"]
[Date "1999.08.17"]
[Time "21:47:00"]
[WhiteClock "0:03:00.000"]
[BlackClock "0:03:00.000"]
[ECO "A02"]
[PlyCount "65"]
[Result "1-0"]

1. f4 e6 2. Nf3 Nf6 3. d4 d5 4. e3 Nc6 5. c3 Be7 6. Nbd2 O-O 7. Bd3 h6 8. O-O Ng4 9. Qe2 Re8 10. h3 Nf6 11. g4 Ne4 12. Nxe4 dxe4 13. Bxe4 Bd7 14. Bd3 Rb8 15. e4 a6 16. g5 h5 17. h4 g6 18. Ne1 b5 19. a3 Na5 20. Be3 Nb3 21. Rd1 Qc8 22. Bc2 Na5 23. Nd3 Nb7 24. Ne5 c5 25. Nxd7 Qxd7 26. dxc5 Nxc5 27. Rxd7 Nxd7 28. f5 exf5 29. exf5 Nc5 30. fxg6 fxg6 31. Bxg6 Rf8 32. Rxf8+ Rxf8 33. Qxh5 {Black forfeits on time} 1-0

[Event "FICS rated blitz game"]
[Site "FICS freechess.org"]
[FICSGamesDBGameNo "20001371"]
[White "diamond"]
[Black "Hershel"]
[WhiteElo "1324"]
[BlackElo "1283"]
[WhiteRD "na"]
[BlackRD "na"]
[TimeControl "300+12"]
[Date "1999.08.17"]
[Time "21:30:00"]
[WhiteClock "0:05:00.000"]
[BlackClock "0:05:00.000"]
[ECO "A07"]
[PlyCount "32"]
[Result "0-1"]

1. Nf3 Nf6 2. g3 d5 3. Bg2 c6 4. O-O Bf5 5. d3 e6 6. Nbd2 b5 7. Qe1 Bc5 8. e4 Bg6 9. a4 Qb6 10. a5 Qc7 11. e5 Nfd7 12. d4 Bb4 13. c3 Bxa5 14. b4 Bb6 15. Nb3 a5 16. bxa5 Bxa5 {White forfeits on time} 0-1

[Event "FICS rated blitz game"]
[Site "FICS freechess.org"]
[FICSGamesDBGameNo "20001370"]
[White "mps"]
[Black "dfitzgib"]
[WhiteElo "1500"]
[BlackElo "1425"]
[WhiteRD "na"]
[BlackRD "na"]
[TimeControl "300+12"]
[Date "1999.08.17"]
[Time "19:48:00"]
[WhiteClock "0:05:00.000"]
[BlackClock "0:05:00.000"]
[ECO "B21"]
[PlyCount "55"]
[Result "1-0"]

1. e4 c5 2. d4 cxd4 3. c3 dxc3 4. Nxc3 e5 5. Nf3 Nc6 6. Bb5 d6 7. O-O Nf6 8. Qe2 Be7 9. Rd1 Qc7 10. Be3 O-O 11. Rac1 a6 12. Ba4 Bd7 13. Nd5 Nxd5 14. exd5 Qa5 15. dxc6 Bxc6 16. Bxc6 bxc6 17. Rxc6 Qxa2 18. Rdc1 Rab8 19. R6c2 Bf6 20. Nd2 Qe6 21. Ne4 a5 22. Nxf6+ Qxf6 23. Qf3 Qg6 24. Qc6 Rfd8 25. h3 h6 26. Qd5 Rb4 27. Qxa5 Rh4 28. Qxd8+ {Black resigns} 1-0

[Event "FICS rated blitz game"]
[Site "FICS freechess.org"]
[FICSGamesDBGameNo "20001368"]
[White "Chagoyo"]
[Black "Manhandle"]
[WhiteElo "1843"]
[BlackElo "1801"]
[WhiteRD "na"]
[BlackRD "na"]
[TimeControl "180+0"]
[Date "1999.08.17"]
[Time "19:16:00"]
[WhiteClock "0:03:00.000"]
[BlackClock "0:03:00.000"]
[ECO "A48"]
[PlyCount "129"]
[Result "1-0"]

1. d4 Nf6 2. Nf3 g6 3. Bg5 Bg7 4. Bxf6 Bxf6 5. e3 c5 6. c3 cxd4 7. exd4 O-O 8. Bd3 d5 9. O-O Bg4 10. h3 Bxf3 11. Qxf3 e6 12. Nd2 Bg7 13. Qe2 Nd7 14. f4 Rc8 15. Nf3 Qf6 16. Ne5 Nxe5 17. fxe5 Qh4 18. Qf2 Qxf2+ 19. Rxf2 Rc6 20. Raf1 Bh6 21. Rf3 Rb6 22. R1f2 Bc1 23. b3 Rc6 24. c4 dxc4 25. Bxc4 a6 26. a4 Rc7 27. Kh2 Rd8 28. Rd3 Kg7 29. d5 b5 30. axb5 axb5 31. Bxb5 Rxd5 32. Rxd5 exd5 33. Re2 Rc3 34. Ba4 Bf4+ 35. Kg1 d4 36. e6 Bg3 37. Re1 fxe6 38. Rd1 e5 39. Kf1 d3 40. Bb5 e4 41. Bc4 Rc2 42. Bxd3 exd3 43. Rxd3 Be5 44. Ke1 Rb2 45. Kf1 Kf6 46. Rf3+ Ke6 47. g3 Rc2 48. h4 Rc3 49. Ke2 Rxb3 50. Rxb3 Kd5 51. Kf3 Kc4 52. Rb7 h5 53. g4 hxg4+ 54. Kxg4 Bc3 55. h5 gxh5+ 56. Kxh5 Kd5 57. Kg6 Bh8 58. Rf7 Ba1 59. Rf1 Ke4 60. Rxa1 Kd3 61. Ra4 Kc3 62. Rh4 Kb3 63. Kf5 Kc3 64. Ke5 Kd3 65. Rg4 {Black forfeits on time} 1-0

[Event "FICS rated blitz game"]
[Site "FICS freechess.org"]
[FICSGamesDBGameNo "20001367"]
[White "reinovsky"]
[Black "MagicAct"]
[WhiteElo "1398"]
[BlackElo "1480"]
[WhiteRD "na"]
[BlackRD "na"]
[TimeControl "120+12"]
[Date "1999.08.17"]
[Time "16:50:00"]
[WhiteClock "0:02:00.000"]
[BlackClock "0:02:00.000"]
[ECO "A40"]
[PlyCount "74"]
[Result "0-1"]

1. d4 e5 2. dxe5 Nc6 3. Nf3 Qe7 4. Bf4 Qb4+ 5. c3 Qxf4 6. g3 Qg4 7. Bg2 Qe6 8. Nbd2 Be7 9. O-O Nxe5 10. Nxe5 Qxe5 11. Nc4 Qc5 12. Qd3 Nf6 13. Rfd1 Rb8 14. e4 b6 15. e5 Ng4 16. Qd4 Ba6 17. Qxg4 Bxc4 18. Qxg7 Rf8 19. Rd4 Be6 20. Rad1 Qb5 21. b3 Qa5 22. R4d2 Qxc3 23. Bd5 Bd6 24. Bxe6 dxe6 25. Qxh7 Qxe5 26. Qh4 Be7 27. Qa4+ b5 28. Qxa7 Rd8 29. Rxd8+ Bxd8 30. Qb8 Ke7 31. Qa7 Qe2 32. Qc5+ Ke8 33. Qc6+ Ke7 34. Qc5+ Kf6 35. Qc3+ Kg6 36. Qd4 Bf6 37. Qd7 Rd8 {White resigns} 0-1

[Event "FICS rated blitz game"]
[Site "FICS freechess.org"]
[FICSGamesDBGameNo "20001366"]
[White "knorke"]
[Black "Chagoyo"]
[WhiteElo "1661"]
[BlackElo "1817"]
[WhiteRD "na"]
[BlackRD "na"]
[TimeControl "180+0"]
[Date "1999.08.17"]
[Time "16:24:00"]
[WhiteClock "0:03:00.000"]
[BlackClock "0:03:00.000"]
[ECO "B54"]
[PlyCount "48"]
[Result "0-1"]

1. e4 c5 2. Nf3 d6 3. d4 cxd4 4. Nxd4 Nf6 5. Bd3 a6 6. Nc3 e6 7. O-O Be7 8. Bg5 O-O 9. Nb3 h6 10. Bh4 b5 11. a3 Bb7 12. f3 Nc6 13. Kh1 Ne5 14. Qe2 Rc8 15. Rad1 Qc7 16. f4 Nc4 17. Bxc4 Qxc4 18. Nd2 Qxe2 19. Nxe2 Rxc2 20. e5 dxe5 21. fxe5 Nd5 22. Bxe7 Nxe7 23. b4 Rd8 24. Nf3 Rxd1 {White resigns} 0-1

[Event "FICS rated lightning game"]
[Site "FICS freechess.org"]
[FICSGamesDBGameNo "20001364"]
[White "ricoTAL"]
[Black "UncleBanana"]
[WhiteElo "1614"]
[BlackElo "1970"]
[WhiteRD "na"]
[BlackRD "na"]
[TimeControl "60+0"]
[Date "1999.08.17"]
[Time "15:15:00"]
[WhiteClock "0:01:00.000"]
[BlackClock "0:01:00.000"]
[ECO "C65"]
[PlyCount "44"]
[Result "0-1"]

1. e4 e5 2. Nf3 Nc6 3. Bb5 Bc5 4. O-O Nf6 5. Re1 d6 6. c3 O-O 7. d4 exd4 8. cxd4 Bb4 9. Bd2 Bxd2 10. Nbxd2 Bg4 11. Bxc6 bxc6 12. Qc2 Nh5 13. Qxc6 Nf4 14. e5 dxe5 15. dxe5 Rb8 16. b3 Rb6 17. Qe4 Rh6 18. Qxf4 Be6 19. Ng5 f6 20. Nxe6 Qe7 21. Nxf8 Qxf8 22. exf6 Rxf6 {White forfeits on time} 0-1

[Event "FICS rated lightning game"]
[Site "FICS freechess.org"]
[FICSGamesDBGameNo "20001363"]
[White "UncleBanana"]
[Black "fab"]
[WhiteElo "1973"]
[BlackElo "1555"]
[WhiteRD "na"]
[BlackRD "na"]
[TimeControl "60+0"]
[Date "1999.08.17"]
[Time "12:48:00"]
[WhiteClock "0:01:00.000"]
[BlackClock "0:01:00.000"]
[ECO "C24"]
[PlyCount "67"]
[Result "1-0"]

1. e4 e5 2. Bc4 Nf6 3. d4 exd4 4. e5 d5 5. Bb5+ c6 6. Ba4 Ne4 7. Nf3 Bg4 8. O-O Bc5 9. h3 Bh5 10. c3 dxc3 11. Nxc3 O-O 12. Nxe4 dxe4 13. Qxd8 Rxd8 14. Nd2 Be2 15. Re1 Na6 16. Rxe2 Nb4 17. Rxe4 b5 18. Nb3 bxa4 19. Nxc5 Rd1+ 20. Kh2 Rad8 21. b3 Kf8 22. Bb2 Nc2 23. Rxd1 Rxd1 24. Re2 Nd4 25. Re3 Rd2 26. Ba3 Ke8 27. e6 Rxa2 28. Bb4 axb3 29. e7 b2 30. Nb7 b1=Q 31. Nd6+ Kd7 32. e8=Q+ Kc7 33. Qc8+ Kb6 34. Bc5+ {Black forfeits on time} 1-0

[Event "FICS rated blitz game"]
[Site "FICS freechess.org"]
[FICSGamesDBGameNo "20001362"]
[White "PlamenS"]
[Black "JohnLennon"]
[WhiteElo "1985"]
[BlackElo "2000"]
[WhiteRD "na"]
[BlackRD "na"]
[TimeControl "240+0"]
[Date "1999.08.17"]
[Time "12:18:00"]
[WhiteClock "0:04:00.000"]
[BlackClock "0:04:00.000"]
[ECO "C13"]
[PlyCount "45"]
[Result "1-0"]

1. e4 e6 2. d4 d5 3. Nc3 Nf6 4. Bg5 Be7 5. e5 Nfd7 6. Be3 a6 7. Qg4 Kf8 8. Nf3 h5 9. Qh3 c5 10. g4 g6 11. g5 Nc6 12. dxc5 Ndxe5 13. O-O-O Nd7 14. Qg3 Bxc5 15. Bxc5+ Nxc5 16. Ne5 Ne7 17. Qe3 Qb6 18. Qd4 Nf5 19. Nxg6+ fxg6 20. Qxh8+ Ke7 21. Qf6+ Kd7 22. Rxd5+ exd5 23. Qxb6 {Black resigns} 1-0

[Event "FICS rated blitz game"]
[Site "FICS freechess.org"]
[FICSGamesDBGameNo "20001361"]
[White "ragaman"]
[Black "jmchess"]
[WhiteElo "1580"]
[BlackElo "1551"]
[WhiteRD "na"]
[BlackRD "na"]
[TimeControl "180+0"]
[Date "1999.08.17"]
[Time "11:40:00"]
[WhiteClock "0:03:00.000"]
[BlackClock "0:03:00.000"]
[ECO "C26"]
[PlyCount "127"]
[Result "1-0"]

1. e4 e5 2. Nc3 Nf6 3. Bc4 d6 4. f4 d5 5. Nxd5 Nxd5 6. Bxd5 exf4 7. Nf3 c6 8. Bb3 Be6 9. c3 Bxb3 10. Qxb3 Bd6 11. Qxb7 Nd7 12. Qxc6 Qb6 13. Qxb6 Nxb6 14. O-O O-O 15. d4 Nc4 16. e5 Be7 17. Nd2 Ne3 18. Rxf4 Bg5 19. Rf3 Nc2 20. Rb1 Rab8 21. Ne4 Bxc1 22. Rxc1 Rxb2 23. Rf2 Rxa2 24. Rfxc2 Rxc2 25. Rxc2 Rc8 26. Nc5 Kf8 27. Ra2 Rc7 28. Kf2 Ke7 29. Ke3 f6 30. Ke4 fxe5 31. Kxe5 g6 32. g4 h5 33. gxh5 gxh5 34. h4 Kf7 35. Ne4 Ke7 36. Rg2 Kf7 37. Nd6+ Kf8 38. c4 Re7+ 39. Kd5 Re1 40. c5 a5 41. c6 Rc1 42. Nc4 Ke7 43. Rg7+ Kd8 44. Rd7+ Kc8 45. Nd6+ Kb8 46. Rb7+ Ka8 47. c7 a4 48. Rb4 Ka7 49. Rxa4+ Kb6 50. Rb4+ Ka5 51. Rc4 Rxc4 52. Nxc4+ Kb4 53. c8=Q Kc3 54. Ne5+ Kd2 55. Qc4 Ke3 56. Qd3+ Kf2 57. Qf3+ Ke1 58. Nd3+ Kd2 59. Qf2+ Kxd3 60. Ke5 Kc4 61. Qd2 Kb5 62. Kd5 Kb6 63. Qc3 Kb5 64. Qc5+ {Black forfeits on time} 1-0

[Event "FICS rated blitz game"]
[Site "FICS freechess.org"]
[FICSGamesDBGameNo "20001360"]
[White "KaroKannDoch"]
[Black "vlajce"]
[WhiteElo "1947"]
[BlackElo "1853"]
[WhiteRD "na"]
[BlackRD "na"]
[TimeControl "300+0"]
[Date "1999.08.17"]
[Time "11:15:00"]
[WhiteClock "0:05:00.000"]
[BlackClock "0:05:00.000"]
[ECO "D00"]
[PlyCount "89"]
[Result "1-0"]

1. d4 d5 2. c3 Nf6 3. Bf4 c5 4. e3 Bf5 5. Nf3 Qb6 6. Qb3 c4 7. Qxb6 axb6 8. Nbd2 e6 9. a3 Nc6 10. h3 Be7 11. Be2 O-O 12. O-O b5 13. Rac1 Ne4 14. Nxe4 Bxe4 15. Nd2 Bg6 16. Rfe1 f6 17. Bf3 Rad8 18. e4 e5 19. exd5 exf4 20. dxc6 Bd6 21. cxb7 Rfe8 22. Bc6 Rxe1+ 23. Rxe1 Rb8 24. Re6 Bf8 25. Nf3 Kf7 26. Re1 Kg8 27. Re2 h6 28. Bxb5 Rxb7 29. Bxc4+ Kh7 30. Rd2 Be4 31. Bd3 Bxd3 32. Rxd3 Rxb2 33. c4 Rc2 34. c5 g5 35. Kf1 h5 36. Nd2 g4 37. hxg4 hxg4 38. Ke2 Bh6 39. f3 gxf3+ 40. Kxf3 Kg6 41. Ne4 Kf5 42. d5 Bg5 43. d6 Ke6 44. d7 f5 45. Nxg5+ {Black resigns} 1-0

[Event "FICS rated blitz game"]
[Site "FICS freechess.org"]
[FICSGamesDBGameNo "20001359"]
[White "BAJAS"]
[Black "kubu"]
[WhiteElo "2081"]
[BlackElo "2100"]
[WhiteRD "na"]
[BlackRD "na"]
[TimeControl "180+0"]
[Date "1999.08.17"]
[Time "11:00:00"]
[WhiteClock "0:03:00.000"]
[BlackClock "0:03:00.000"]
[ECO "B30"]
[PlyCount "47"]
[Result "1-0"]

1. e4 c5 2. d3 Nc6 3. Nf3 Nf6 4. g3 e6 5. Bg2 d5 6. Qe2 Be7 7. O-O b6 8. e5 Nd7 9. c4 dxc4 10. dxc4 Bb7 11. Re1 Qc7 12. Nc3 a6 13. Bf4 h6 14. h4 O-O-O 15. Rac1 Rdg8 16. h5 g5 17. hxg6 fxg6 18. Nd5 exd5 19. cxd5 g5 20. e6 gxf4 21. exd7+ Qxd7 22. dxc6 fxg3 23. cxd7+ Kd8 24. Qxe7+ {Black resigns} 1-0

[Event "FICS rated blitz game"]
[Site "FICS freechess.org"]
[FICSGamesDBGameNo "20001358"]
[White "roylev"]
[Black "sannu"]
[WhiteElo "1459"]
[BlackElo "1438"]
[WhiteRD "na"]
[BlackRD "na"]
[TimeControl "300+1"]
[Date "1999.08.17"]
[Time "10:16:00"]
[WhiteClock "0:05:00.000"]
[BlackClock "0:05:00.000"]
[ECO "A04"]
[PlyCount "43"]
[Result "1-0"]

1. Nf3 c5 2. c4 e6 3. g3 Nf6 4. Bg2 Nc6 5. Nc3 d5 6. d4 dxc4 7. O-O cxd4 8. Nb5 e5 9. Qa4 a6 10. Nxe5 axb5 11. Qxa8 Nxe5 12. Bxb7 Bxb7 13. Qxb7 Qd7 14. Qb8+ Ke7 15. Qxe5+ Kd8 16. Bg5 Be7 17. Qb8+ Qc8 18. Qxb5 Re8 19. Rac1 c3 20. bxc3 dxc3 21. Rfd1+ Nd7 22. Rxc3 {Black resigns} 1-0

[Event "FICS rated blitz game"]
[Site "FICS freechess.org"]
[FICSGamesDBGameNo "20001357"]
[White "KingPins"]
[Black "glengarry"]
[WhiteElo "1686"]
[BlackElo "1391"]
[WhiteRD "na"]
[BlackRD "na"]
[TimeControl "120+12"]
[Date "1999.08.17"]
[Time "09:58:00"]
[WhiteClock "0:02:00.000"]
[BlackClock "0:02:00.000"]
[ECO "D31"]
[PlyCount "39"]
[Result "1-0"]

1. c4 e6 2. Nc3 d5 3. d4 Bb4 4. Nf3 Ne7 5. Bd2 c5 6. e3 cxd4 7. Nxd4 Nbc6 8. cxd5 Nxd5 9. Nxc6 bxc6 10. Qa4 Bd7 11. e4 Nxc3 12. bxc3 c5 13. Bb5 Ba5 14. Bxd7+ Qxd7 15. Qxa5 O-O 16. Rd1 c4 17. O-O Rfd8 18. Qh5 Qd3 19. Bg5 Qe2 20. Qxe2 {Black resigns} 1-0

[Event "FICS rated lightning game"]
[Site "FICS freechess.org"]
[FICSGamesDBGameNo "20001356"]
[White "ferhat"]
[Black "ghee(FM)"]
[WhiteElo "1979"]
[BlackElo "2077"]
[WhiteRD "na"]
[BlackRD "na"]
[TimeControl "120+0"]
[Date "1999.08.17"]
[Time "09:51:00"]
[WhiteClock "0:02:00.000"]
[BlackClock "0:02:00.000"]
[ECO "A40"]
[PlyCount "79"]
[Result "1-0"]

1. d4 Nc6 2. Nf3 d5 3. e3 Bg4 4. c4 e6 5. Nc3 Bb4 6. cxd5 exd5 7. Qb3 Bxf3 8. gxf3 Nge7 9. Bd2 O-O 10. Bd3 Kh8 11. O-O-O a5 12. Kb1 Qd6 13. f4 a4 14. Nxa4 b5 15. Bxb4 Nxb4 16. Nc5 Nxa2 17. Kc2 Nc6 18. Kd2 Nab4 19. Rhg1 Nxd3 20. Nxd3 Na5 21. Qc3 Nc4+ 22. Ke2 Ra2 23. Ra1 Rxa1 24. Rxa1 Qe6 25. b3 Qg4+ 26. f3 Qg2+ 27. Nf2 Nd6 28. Qxc7 Nf5 29. Qc6 g6 30. Qxd5 Re8 31. e4 Nh4 32. Ra8 Rxa8 33. Qxa8+ Kg7 34. e5 Qg1 35. Qe4 Qc1 36. d5 Nf5 37. e6 Qb2+ 38. Kf1 Qc1+ 39. Kg2 Nh4+ 40. Kh3 {Black forfeits on time} 1-0

[Event "FICS rated lightning game"]
[Site "FICS freechess.org"]
[FICSGamesDBGameNo "20001355"]
[White "Modler"]
[Black "columbus"]
[WhiteElo "1964"]
[BlackElo "1706"]
[WhiteRD "na"]
[BlackRD "na"]
[TimeControl "120+1"]
[Date "1999.08.17"]
[Time "09:13:00"]
[WhiteClock "0:02:00.000"]
[BlackClock "0:02:00.000"]
[ECO "A07"]
[PlyCount "49"]
[Result "1-0"]

1. Nf3 d5 2. g3 Nf6 3. Bg2 e6 4. O-O Be7 5. d3 O-O 6. Nbd2 b6 7. b3 Bb7 8. Bb2 c5 9. d4 Nbd7 10. c4 Rc8 11. cxd5 Nxd5 12. e4 N5f6 13. Qe2 Qc7 14. Rab1 Rfd8 15. Rbc1 Qb8 16. Rfd1 cxd4 17. Nxd4 e5 18. Nf5 Bc5 19. Nc4 b5 20. Ncd6 Bxd6 21. Nxd6 Rxc1 22. Bxc1 Nc5 23. Nxb7 Qxb7 24. Rxd8+ Ne8 25. Rxe8# {Black checkmated} 1-0

[Event "FICS rated blitz game"]
[Site "FICS freechess.org"]
[FICSGamesDBGameNo "20001354"]
[White "flipmode"]
[Black "Jeeper"]
[WhiteElo "1336"]
[BlackElo "1317"]
[WhiteRD "na"]
[BlackRD "na"]
[TimeControl "300+0"]
[Date "1999.08.17"]
[Time "02:40:00"]
[WhiteClock "0:05:00.000"]
[BlackClock "0:05:00.000"]
[ECO "A00"]
[PlyCount "114"]
[Result "1-0"]

1. a4 c5 2. e3 Nc6 3. g3 b6 4. Bg2 Bb7 5. c3 Rb8 6. Na3 Ne5 7. Bxb7 Rxb7 8. Nb5 Nd3+ 9. Ke2 Ne5 10. Nf3 Nxf3 11. Kxf3 a6 12. Na3 Qa8 13. Qb3 Rc7+ 14. e4 f5 15. d3 Nf6 16. Re1 fxe4+ 17. dxe4 e6 18. Bg5 Be7 19. Nc4 O-O 20. Bf4 Rcc8 21. Nd6 Bxd6 22. Bxd6 Rf7 23. Rad1 Ne8+ 24. Bf4 e5 25. Rxd7 Nd6 26. Rxf7 Nxf7 27. Bxe5 Rf8 28. Bf4 Kh8 29. Kg2 Qe8 30. Qd5 Nd8 31. b4 Ne6 32. bxc5 Nxf4+ 33. gxf4 bxc5 34. f5 Qh5 35. Qxc5 Re8 36. f3 Qg5+ 37. Kf2 Qd2+ 38. Re2 Qg5 39. Qc6 Qh4+ 40. Ke3 Qh6+ 41. Kf2 Qh4+ 42. Kf1 Qh3+ 43. Rg2 Qxf3+ 44. Kg1 Qe3+ 45. Rf2 Qg5+ 46. Rg2 Qe3+ 47. Kh1 Qxe4 48. Qxe4 Rxe4 49. Rc2 Rxa4 50. c4 Kg8 51. c5 Kf8 52. c6 Ra1+ 53. Kg2 Ra5 54. c7 Rxf5 55. c8=Q+ Kf7 56. Qxf5+ Ke7 57. Re2+ Kd6 {Black resigns} 1-0

[Event "FICS rated blitz game"]
[Site "FICS freechess.org"]
[FICSGamesDBGameNo "20001352"]
[White "rosi"]
[Black "CarrascoJr"]
[WhiteElo "1519"]
[BlackElo "1592"]
[WhiteRD "na"]
[BlackRD "na"]
[TimeControl "300+0"]
[Date "1999.08.16"]
[Time "21:58:00"]
[WhiteClock "0:05:00.000"]
[BlackClock "0:05:00.000"]
[ECO "D03"]
[PlyCount "75"]
[Result "1-0"]

1. d4 Nf6 2. Nf3 g6 3. Bg5 Bg7 4. Nbd2 d5 5. e3 c6 6. Bd3 Bg4 7. h3 Be6 8. Ne5 Nbd7 9. Ndf3 Ne4 10. c3 Qc7 11. Nxd7 Bxd7 12. Bf4 Qb6 13. Qc2 Nd6 14. Ne5 Qc7 15. O-O O-O 16. Rae1 Qc8 17. h4 Bf5 18. f3 Bxd3 19. Qxd3 Qf5 20. Qxf5 Nxf5 21. h5 e6 22. hxg6 hxg6 23. g4 Ne7 24. e4 Bxe5 25. Bxe5 f6 26. Bg3 Rae8 27. f4 dxe4 28. Rxe4 Nd5 29. Rfe1 f5 30. Rxe6 Rxe6 31. Rxe6 fxg4 32. Rxg6+ Kh7 33. Rxg4 Ne3 34. Rh4+ Kg6 35. Be1 Nf5 36. Rh2 Rf7 37. Kf2 Re7 38. Bd2 {Black forfeits on time} 1-0

[Event "FICS rated lightning game"]
[Site "FICS freechess.org"]
[FICSGamesDBGameNo "20001351"]
[White "Ryanowski"]
[Black "Paulsen"]
[WhiteElo "1665"]
[BlackElo "1611"]
[WhiteRD "na"]
[BlackRD "na"]
[TimeControl "60+0"]
[Date "1999.08.16"]
[Time "18:31:00"]
[WhiteClock "0:01:00.000"]
[BlackClock "0:01:00.000"]
[ECO "A10"]
[PlyCount "66"]
[Result "0-1"]

1. c4 f5 2. Nc3 Nf6 3. g3 e6 4. Bg2 Bb4 5. Nf3 c6 6. O-O d5 7. a3 Bxc3 8. bxc3 Nbd7 9. cxd5 exd5 10. d4 O-O 11. Ne5 Ne4 12. Qc2 Re8 13. f3 Nxe5 14. fxe4 Nc4 15. exf5 Nd6 16. e4 dxe4 17. Re1 Nxf5 18. Bxe4 Nd6 19. Bxh7+ Kh8 20. Rxe8+ Qxe8 21. Bf4 g6 22. Bxg6 Qf8 23. Bxd6 Qxd6 24. Re1 Be6 25. Bf5 Re8 26. Bxe6 Rxe6 27. Rxe6 Qxe6 28. Qf2 Qf5 29. Qxf5 c5 30. Qd7 cxd4 31. Qxb7 dxc3 32. Qxa7 c2 33. Qa8+ Kh7 {White forfeits on time} 0-1

[Event "FICS rated standard game"]
[Site "FICS freechess.org"]
[FICSGamesDBGameNo "20001350"]
[White "phorku"]
[Black "Shkolnik"]
[WhiteElo "1402"]
[BlackElo "1394"]
[WhiteRD "na"]
[BlackRD "na"]
[TimeControl "1200+20"]
[Date "1999.08.16"]
[Time "17:56:00"]
[WhiteClock "0:20:00.000"]
[BlackClock "0:20:00.000"]
[ECO "C50"]
[PlyCount "74"]
[Result "0-1"]

1. e4 e5 2. Nf3 Nc6 3. Bc4 Bc5 4. O-O Nf6 5. Nc3 O-O 6. Nxe5 Bxf2+ 7. Rxf2 Nxe5 8. Qe2 c6 9. d4 Nxc4 10. Qxc4 d5 11. Qe2 Re8 12. e5 Ng4 13. Rf1 Nxh2 14. Kxh2 Qh4+ 15. Kg1 Qxd4+ 16. Be3 Qxe5 17. Qf3 Qxe3+ 18. Qxe3 Rxe3 19. Rae1 Rxe1 20. Rxe1 Bf5 21. Ne2 Re8 22. Kf2 Bxc2 23. a3 Bf5 24. Rc1 Bd3 25. Nf4 Bc4 26. Rc3 g5 27. Nh5 Re2+ 28. Kg3 Rxb2 29. Re3 Kf8 30. Nf6 Re2 31. Rxe2 Bxe2 32. Nxh7+ Kg7 33. Nxg5 Kf6 34. Kf4 c5 35. Ke3 Kxg5 36. Kxe2 Kf4 37. Kd3 Kg3 {White resigns} 0-1

[Event "FICS rated standard game"]
[Site "FICS freechess.org"]
[FICSGamesDBGameNo "20001349"]
[White "FlBlackKnight"]
[Black "dassaf"]
[WhiteElo "1492"]
[BlackElo "1396"]
[WhiteRD "na"]
[BlackRD "na"]
[TimeControl "600+10"]
[Date "1999.08.16"]
[Time "17:45:00"]
[WhiteClock "0:10:00.000"]
[BlackClock "0:10:00.000"]
[ECO "C42"]
[PlyCount "78"]
[Result "0-1"]

1. e4 e5 2. Nf3 Nf6 3. Nxe5 Nxe4 4. Nxf7 Kxf7 5. Qf3+ Kg8 6. Qb3+ d5 7. c4 Be6 8. f3 Nc5 9. Qb5 b6 10. d4 Bd7 11. Qb4 Nd3+ 12. Bxd3 Bxb4+ 13. Bd2 Qe8+ 14. Kf2 Bxd2 15. Nxd2 Nc6 16. Rhe1 Qh5 17. cxd5 Nxd4 18. Rac1 Qxh2 19. Be4 Rf8 20. Rxc7 Qxc7 21. d6 Qxd6 22. Re3 Bf5 23. Nc4 Qh6 24. Bd5+ Ne6 25. Re5 g6 26. Bxe6+ Bxe6 27. Rxe6 Qh4+ 28. Kg1 Qxc4 29. Re4 Qd5 30. Kf2 Qxe4 31. Kf1 Qd3+ 32. Kg1 Rf4 33. Kh2 Qf5 34. Kg1 Qg5 35. Kf2 Kg7 36. b4 Rd8 37. Ke1 Qxg2 38. b5 Rxf3 39. a3 Qd2# {White checkmated} 0-1

[Event "FICS rated blitz game"]
[Site "FICS freechess.org"]
[FICSGamesDBGameNo "20001348"]
[White "mater"]
[Black "NAVARRINA"]
[WhiteElo "1963"]
[BlackElo "1515"]
[WhiteRD "na"]
[BlackRD "na"]
[TimeControl "300+0"]
[Date "1999.08.16"]
[Time "17:00:00"]
[WhiteClock "0:05:00.000"]
[BlackClock "0:05:00.000"]
[ECO "A09"]
[PlyCount "114"]
[Result "1-0"]

1. Nf3 d5 2. c4 dxc4 3. g3 Nc6 4. Bg2 e5 5. O-O Nf6 6. Na3 Bxa3 7. bxa3 Be6 8. Rb1 b6 9. Ng5 Bd5 10. e4 Be6 11. Nxe6 fxe6 12. Qa4 Qd7 13. Qxc4 O-O 14. a4 Nd4 15. a5 Rfc8 16. Bb2 Kh8 17. f4 Nb5 18. Bxe5 Nd6 19. Qe2 Rab8 20. d4 Nf7 21. Rbd1 bxa5 22. f5 exf5 23. Rxf5 Nxe5 24. dxe5 Qc6 25. exf6 gxf6 26. Qf2 Rd8 27. Rxf6 Rxd1+ 28. Bf1 Rxf1+ 29. Qxf1 Qc5+ 30. Kg2 Qc2+ 31. Kh3 Rg8 32. Rf7 Qc6 33. Qf4 Qg6 34. Qf6+ Qxf6 35. Rxf6 Re8 36. Rc6 Re5 37. Rxc7 Rxe4 38. Rxa7 Re2 39. Rxa5 Kg7 40. Ra6 Re5 41. a4 Rh5+ 42. Kg2 h6 43. g4 Rg5 44. Kf3 h5 45. h3 hxg4+ 46. hxg4 Rc5 47. Kf4 Rc3 48. Kg5 Rc4 49. Ra7+ Kf8 50. a5 Rc5+ 51. Kf6 Rc6+ 52. Kg5 Rc5+ 53. Kh6 Rc6+ 54. Kh5 Rc5+ 55. g5 Rxg5+ 56. Kxg5 Ke8 57. Kf6 Kd8 {Black forfeits on time} 1-0